 Dungeon Crawl Stone Soup version 0.29-a0-728-g6bb282b620 (console) character file.

Game seed: 13903727594680890441

58 Banquo the Sneak (level 4, 0/27 HPs)
             Began as an Octopode Hedge Wizard on June 29, 2022.
             Slain by a polar bear (2 damage)
             ... created by the rage of Trog
             ... on level 2 of the Dungeon.
             The game lasted 00:07:02 (2522 turns).

Banquo the Sneak (Octopode Hedge Wizard)            Turns: 2522, Time: 00:07:03

Health: 0/27       AC:  1    Str:  9    XL:     4   Next: 1%
Magic:  9/9        EV: 13    Int: 18    God:
Gold:   80         SH:  0    Dex: 11    Spells: 2/10 levels left

rFire   . . .      SeeInvis .   a - +0 dagger
rCold   . . .      Faith    .   (no shield)
rNeg    . . .      Spirit   .   b - +0 hat
rPois   +          Reflect  .   j - amulet of regeneration
rElec   .          Harm     .   P - ring of poison resistance
rCorr   .          Rampage  .   (no ring)
Will    .....                   (no ring)
Stlth   +++.......              (no ring)
HPRegen 0.89/turn               (no ring)
MPRegen 0.11/turn               (no ring)
                                (no ring)
                                (no ring)

@: about to teleport
A: almost no armour, amphibious, 8 rings, camouflage 1, gelatinous body 1,
(nimble swimmer 1), tentacles
a: no special abilities


You were on level 2 of the Dungeon.
You visited 1 branch of the dungeon, and saw 2 of its levels.

You collected 80 gold pieces.

Inventory:

Hand Weapons
 a - a +0 dagger (weapon)
Missiles
 g - 5 javelins
 i - 3 poisoned darts
Armour
 b - a +0 hat (worn)
Jewellery
 j - an amulet of regeneration (around mantle)
 P - a ring of poison resistance (left tentacle)
Scrolls
 d - a scroll of teleportation
 f - a scroll of identify
 l - a scroll of fog {unknown}
Potions
 c - a potion of magic
 e - a potion of degeneration
 h - a potion of attraction {unknown}
 k - a potion of resistance {unknown}


   Skills:
 + Level 0.5 Fighting
 - Level 2.0 Dodging
 + Level 3.7 Stealth
 + Level 3.5 Spellcasting
 * Level 2.0 Conjurations
 - Level 1.2 Summonings
 - Level 1.0 Translocations
 * Level 0.1 Air Magic
 * Level 0.1 Poison Magic


You had 2 spell levels left.
You knew the following spells:

 Your Spells              Type           Power      Damage    Failure   Level
a - Magic Dart            Conj           40%        1d5       7%          1
c - Mephitic Cloud        Conj/Pois/Air  5%         N/A       34%         3
i - Call Imp              Summ           7%         N/A       14%         2
B - Blink                 Tloc           12%        N/A       16%         2

Your spell library contained the following spells:

 Spells                   Type           Power      Damage    Failure   Level
 Slow                     Hex            12%        N/A       16%         1
 Conjure Flame            Conj/Fire      6%         6-21      30%         3


Dungeon Overview and Level Annotations

Branches:
Dungeon (2/15)

Altars:
Trog
The Shining One


Innate Abilities, Weirdness & Mutations

You cannot wear most types of armour.
You are amphibious.
You can wear up to eight rings at the same time.
Your skin changes colour to match your surroundings (Stealth+).
Your rubbery body absorbs attacks. (AC +1, EV +1)
((You are camouflaged when in or above water. (Stealth+)))
You have tentacles for arms and can constrict up to eight enemies at once.


Message History

You kill the adder!
You feel sick.
Your Conjurations skill increases to level 2!
You have reached level 4!
You feel sick.
You feel sick.
You feel sick.
You are no longer poisoned.
HP restored.
You see here a rat corpse.
A frilled lizard comes into view.
Casting: Magic Dart (safe; 7% risk of failure)
Confirm with . or Enter, or press ? or * to list all spells.
Aiming: Magic Dart (safe; 7% risk of failure)
Press: ? - help, Shift-Dir - straight line, f - frilled lizard
Aim: a frilled lizard (asleep, 100% to hit)
The magic dart hits the frilled lizard.
You kill the frilled lizard!
Found a runed flail.
You now have 80 gold pieces (gained 11).
Trog sends monsters to punish you. 2 polar bears and 2 black bears come into view.
There are no items here.
The polar bear rages.
As you read the scroll labelled YBIAPO ACREGG, it crumbles to dust.
It is a scroll of identify.
e - a potion of degeneration The polar bear closely misses you.
The polar bear claws you but does no damage.
The polar bear misses you.
As you read the scroll labelled YKIASI ILL, it crumbles to dust.
You feel strangely unstable.
It was a scroll of teleportation.
The polar bear bites you. The polar bear barely misses you.
The polar bear claws you.
The polar bear rages.
The black bear rages.
The polar bear bites you!
Ouch! That really hurt!
* * * LOW HITPOINT WARNING * * *
The polar bear barely misses you. The polar bear claws you.
You die...

### ############## ..#
#............. #.#
#.############ #.# #.# #.#
#.# #.# #.# # #@# #.# #. #
#h# #.#
#.######.#######h###.######
>..............hh.........#
......).....................
....<..............#.####.#.
#.##.###########.#.#.# .)
... #.#.#.# ##... #.#.#.#


You could see 2 polar bears and 2 black bears.

Vanquished Creatures
  An adder (D:2)
  2 bats
  6 endoplasms (D:1)
  4 giant cockroaches (D:1)
  2 goblins
  3 hobgoblins (D:1)
  5 jackals (D:1)
  3 kobolds (D:1)
  3 quokkas (D:1)
  4 ball pythons (D:1)
  A frilled lizard (D:2)
  3 rats
37 creatures vanquished.

Vanquished Creatures (collateral kills)
  A jackal (D:1)
  A quokka (D:1)
2 creatures vanquished.

Grand Total: 39 creatures vanquished

Notes
Turn   | Place    | Note
-------+----------+-------------------------------------------
     0 | D:1      | Banquo the Octopode Hedge Wizard began the quest for the
                  | Orb.
     0 | D:1      | Reached XP level 1. HP: 11/11 MP: 4/4
     2 | D:1      | Noticed a demigod
     4 | D:1      | Noticed a troll
     4 | D:1      | Noticed a spriggan
     6 | D:1      | Noticed a draconian
     8 | D:1      | Noticed an octopode
    10 | D:1      | Noticed a merfolk
    12 | D:1      | Noticed a human
    12 | D:1      | Noticed a gargoyle
    14 | D:1      | Noticed a minotaur
    14 | D:1      | Noticed an elf
    16 | D:1      | Noticed a vampire
    16 | D:1      | Noticed a formicid
    18 | D:1      | Noticed a demonspawn
    18 | D:1      | Noticed a naga
    38 | D:1      | Noticed a tengu
    38 | D:1      | Noticed a ghoul
    40 | D:1      | Noticed a dwarf
    42 | D:1      | Noticed a felid
    42 | D:1      | Noticed a vine stalker
    44 | D:1      | Noticed an ogre
   146 | D:1      | Reached XP level 2. HP: 17/17 MP: 3/6
   446 | D:1      | Learned a level 2 spell: Blink
   449 | D:1      | Learned a level 2 spell: Call Imp
   948 | D:1      | Reached XP level 3. HP: 20/21 MP: 4/8
  1191 | D:1      | Found a faded altar of an unknown god.
  1198 | D:1      | Prayed at the altar of an unknown god.
  1198 | D:1      | Became a worshipper of Trog the Wrathful
  1198 | D:1      | Reached * piety under Trog
  1580 | D:1      | Fell from the grace of Trog
  1684 | D:1      | Learned a level 3 spell: Mephitic Cloud
  2260 | D:2      | Found a glowing golden altar of the Shining One.
  2409 | D:2      | Reached XP level 4. HP: 23/27 MP: 3/9
  2518 | D:2      | Noticed a black bear
  2518 | D:2      | Noticed a polar bear
  2518 | D:2      | Noticed a polar bear
  2518 | D:2      | Noticed a black bear
  2522 | D:2      | Slain by a polar bear

Illustrated notes

Levels and vault maps discovered:
D:1:      kb_arrival_jail, layout_loops_ring,
          dilly_ecumenical_altar_fadedgnrine, minmay_hedge_maze
D:2:      layout_basic, basic_altar

Skill      XL: |  1  2  3 |
---------------+----------+-----
Stealth        | 3 |  3.7
Conjurations   | 2 |  2.0
Fighting       | |  0.5
Dodging        | |  2.0
Spellcasting   | |  3.5
Summonings     | |  1.2
Translocations | |  1.0
Air Magic      | |  0.1
Poison Magic   | |  0.1

Action                   |  1- 3 |  4- 6 || total
-------------------------+-------+-------++-------
Melee: Dagger            |    40 |       ||    40
       Constrict         |    10 |       ||    10
       Tentacles         |     9 |       ||     9
       Punch             |     1 |       ||     1
 Cast: Magic Dart        |    88 |     1 ||    89
       Call Imp          |     2 |       ||     2
Invok: Berserk           |     2 |       ||     2
       Renounce Religion |     1 |       ||     1
  Use: Scroll            |       |     2 ||     2
 Stab: Sleeping          |     1 |       ||     1
Armor: Skin              |     3 |     1 ||     4
Dodge: Dodged            |    26 |     4 ||    30

Table legend: (Time is in decaauts)
 A = Elapsed time spent in this place.
 B = Non-inter-level travel time spent in this place.
 C = Inter-level travel time spent in this place.
 D = Time resting spent in this place.
 E = Time spent auto-exploring this place.
 F = Levels seen in this place.
 G = Mean time per level.
                   A        B        C        D        E       F      G
               +--------+--------+--------+--------+--------+-----+--------+
         Total |   2591 |   2437 |    154 |    402 |   1610 |   2 | 1295.5 |
       Dungeon |   2591 |   2437 |    154 |    402 |   1610 |   2 | 1295.5 |
               +--------+--------+--------+--------+--------+-----+--------+

Top non-repeatable levels by time:
     D:1: 2322 daAuts
     D:2: 268 daAuts
